AoeStats
← ed_lfc

Arena

509586899Analyzed
1v1 RM · 6d ago on Sep 27, 2026· 16m 15s· 2 players
Game mode
Random Map
Map size
Tiny (2 player)
Population
200
Speed
Normal
Resources
Standard
Victory
Conquest
Starting age
Dark Age
Ending age
Imperial Age
RankedLock teamsTeams togetherTeam positionsShared explorationLock speedFull tech treeHidden civsTurbo modeCheats
Victory
Defeat
🇮🇳 Varangians · India
1285
+17
🇬🇧 Mongols · United Kingdom
1305
-17
Emperor2698
10:10 Feudal Age
14:09 Castle Age
13:37 Double-Bit Axe
ed_lfc
9:39 Feudal Age
11:23 Wheelbarrow
13:59 Castle Age
12:23 Double-Bit Axe
12:46 Horse Collar
13:36 Loom
Connection lost

Rejoining the realm…

Still unreachable

The connection could not be restored.

Session expired

The server has moved on; the page needs a fresh start.